AoeStats
← Poiu ♡

Arena

510417705Analyzed
4v4 RM · 2d ago on Sep 30, 2026· 58m 13s· 8 players
Game mode
Random Map
Map size
Large (8 player)
Population
200
Speed
Normal
Resources
Standard
Victory
Conquest
Starting age
Dark Age
Ending age
Imperial Age
RankedLock teamsTeams togetherTeam positionsShared explorationLock speedFull tech treeHidden civsTurbo modeCheats
Victory
Defeat
🇨🇱 Goths · Chile
1033
+13
🇨🇱 Saxons · Chile
994
+15
🇺🇸 Danes · United States
986
+15
🇨🇱 Khmer · Chile
947
+17
🇪🇸 Spanish · Spain
992
-16
🇨🇳 Italians · China
960
-15
🇪🇸 Byzantines · Spain
959
-15
🇳🇴 Tupi · Norway
934
-14
silvap.javier
10:12 Feudal Age
8:28 Loom
14:39 Castle Age
13:03 Double-Bit Axe
13:20 Horse Collar
14:09 Gold Mining
27:33 Imperial Age
24:31 Elite Skirmisher
25:28 Murder Holes
26:13 Bow Saw
26:30 Fletching
26:40 Padded Archer Armor
27:32 Ballistics
28:32 Wheelbarrow
27:54 Bodkin Arrow
28:14 Leather Archer Armor
28:10 Forging
29:21 Chemistry
27:59 Pikeman
29:14 Scale Mail Armor
30:03 Squires
30:38 Conscription
31:37 Bracer
32:11 Elite Varangian Guard
35:38 Hand Cart
39:28 Chain Mail Armor
戏皇。
11:39 Feudal Age
12:38 Double-Bit Axe
12:48 Horse Collar
18:06 Castle Age
17:44 Stone Mining
17:45 Gold Mining
19:10 Bow Saw
21:37 Heavy Plow
22:42 Fortified Wall
25:55 Fletching
26:09 Squires
27:29 Ballistics
28:52 Bodkin Arrow
30:46 Padded Archer Armor
33:54 Imperial Age
34:53 Pirotechnia
35:50 Chemistry
34:18 Elite Genoese Crossbowman
35:19 Conscription
36:34 Stone Shaft Mining
37:09 Scale Mail Armor
39:18 Loom
40:08 Wheelbarrow
39:19 Town Watch
40:33 Crop Rotation
42:08 Arson
43:05 Bracer
43:21 Leather Archer Armor
43:22 Chain Mail Armor
42:54 Treadmill Crane
43:24 Masonry
43:11 Murder Holes
44:06 Thumb Ring
44:40 Hoardings
Master of Ludus
0:28 Loom
12:25 Feudal Age
17:31 Castle Age
15:22 Double-Bit Axe
17:28 Stone Mining
18:24 Wheelbarrow
17:32 Horse Collar
22:46 Heavy Plow
26:05 Masonry
26:19 Ballistics
25:51 Fletching
27:56 Hand Cart
27:36 Town Watch
29:02 Pikeman
32:27 Imperial Age
30:00 Bodkin Arrow
30:52 Bow Saw
30:46 Padded Archer Armor
30:46 Scale Mail Armor
31:00 Forging
33:29 Conscription
34:16 Chemistry
33:47 Architecture
33:20 Bracer
33:36 Leather Archer Armor
33:24 Scale Mail Armor
34:56 Supremacy
35:33 Town Patrol
36:06 Ring Archer Armor
35:52 Chain Mail Armor
36:12 Iron Casting
40:53 Bombard Tower
43:32 Hoardings
43:18 Supremacy
44:39 Gold Mining
46:44 Capped Ram
47:42 Siege Ram
49:05 Guilds
54:56 Blast Furnace
54:27 Plate Mail Armor
Poiu ♡
9:53 Feudal Age
10:48 Horse Collar
10:57 Double-Bit Axe
11:05 Gold Mining
12:14 Loom
15:48 Fletching
21:02 Castle Age
19:17 Padded Archer Armor
21:49 Heavy Plow
22:02 Bow Saw
22:35 Heavy Plow
24:28 Crossbowman
25:06 Bodkin Arrow
25:46 Forging
25:55 Leather Archer Armor
28:15 Stone Mining
30:48 Gold Shaft Mining
30:03 Town Watch
31:42 Wheelbarrow
32:37 Ballistics
33:48 Caciques
34:45 Pikeman
38:20 Imperial Age
36:06 Hand Cart
35:53 Town Patrol
35:39 Treadmill Crane
36:21 Squires
36:07 Arson
36:29 Scale Mail Armor
37:40 Champi Runner
38:22 Onager
38:27 Halberdier
38:33 Elite Ibirapema Warrior
39:38 Chain Mail Armor
39:34 Forging
40:15 Bracer
41:36 Arbalester
43:54 Chemistry
44:45 Two-Man Saw
49:03 Conscription
48:51 Curare
48:09 Elite Blackwood Archer
53:49 Iron Casting
53:47 Plate Mail Armor
55:00 Hoardings
Void-Warrior
10:49 Feudal Age
11:38 Double-Bit Axe
15:21 Castle Age
13:58 Horse Collar
16:30 Forging
16:48 Bow Saw
21:44 Stone Mining
24:54 Wheelbarrow
25:28 Heavy Plow
27:05 Hand Cart
28:44 Fletching
29:53 Stone Shaft Mining
32:03 Imperial Age
30:02 Bodkin Arrow
30:43 Scale Mail Armor
32:06 Iron Casting
31:41 Squires
32:40 Chain Mail Armor
32:30 Elite Varangian Guard
34:40 Gold Mining
34:24 Onager
35:51 Siege Engineers
38:35 Northmen's Fury
40:53 Siege Onager
46:32 Chemistry
55:07 Pikeman
55:46 Halberdier
56:13 Gambesons
56:14 Arson
57:02 Plate Mail Armor
57:33 Blast Furnace
danieleduka
7:02 Loom
10:09 Feudal Age
11:48 Double-Bit Axe
16:28 Castle Age
32:06 Imperial Age
37:29 Elite Varangian Guard
38:34 Gold Mining
40:50 Squires
41:55 Gold Shaft Mining
42:01 Wheelbarrow
43:37 Shield Wall
44:32 Forging
44:23 Scale Mail Armor
44:24 Padded Archer Armor
47:04 Iron Casting
46:17 Capped Ram
49:03 Siege Ram
51:50 Scale Barding Armor
52:02 Chain Mail Armor
52:03 Leather Archer Armor
57:44 Plate Mail Armor
57:45 Ring Archer Armor
jesusorlando555
5:04 Loom
10:48 Feudal Age
13:04 Double-Bit Axe
13:28 Horse Collar
15:27 Wheelbarrow
19:03 Castle Age
18:14 Town Watch
21:45 Bloodlines
21:43 Scale Barding Armor
24:03 Hand Cart
24:44 Chain Barding Armor
25:37 Bow Saw
25:47 Heavy Plow
28:16 Husbandry
30:07 Forging
31:13 Gold Mining
36:37 Imperial Age
36:16 Light Cavalry
37:33 Iron Casting
37:27 Ballistics
38:30 Chemistry
37:37 Siege Engineers
38:29 Crop Rotation
38:46 Conscription
41:31 Blast Furnace
41:07 Plate Barding Armor
43:17 Fletching
43:08 Elite Ballista Elephant
46:31 Double Crossbow
46:38 Heavy Scorpion
47:28 Hussar
48:29 Capped Ram
52:19 Bodkin Arrow
54:30 Siege Ram
Emkrypted
0:43 Loom
10:48 Feudal Age
11:45 Double-Bit Axe
12:23 Double-Bit Axe
14:45 Castle Age
12:57 Horse Collar
14:11 Wheelbarrow
13:52 Gold Mining
16:00 Bow Saw
28:49 Imperial Age
28:15 Hand Cart
28:02 Scale Mail Armor
28:04 Padded Archer Armor
27:56 Pikeman
28:42 Squires
29:53 Anarchy
30:20 Conscription
30:53 Chain Mail Armor
31:15 Perfusion
31:06 Halberdier
32:49 Forging
35:38 Iron Casting
40:03 Chemistry
38:35 Man-at-Arms
38:52 Long Swordsman
39:15 Two-Handed Swordsman
40:34 Leather Archer Armor
42:30 Fletching
46:33 Blast Furnace
45:29 Bodkin Arrow
54:51 Scale Barding Armor
55:18 Ring Archer Armor
54:28 Cavalier
55:09 Husbandry
55:19 Bloodlines
55:43 Light Cavalry
57:39 Caravan
58:38 Chain Barding Armor
Connection lost

Rejoining the realm…

Still unreachable

The connection could not be restored.

Session expired

The server has moved on; the page needs a fresh start.